cohdb
Replays
Latest Replays
All Replays
Popular Replays
Top Player Replays
Match Explorer
How It Works
Community
CoH3 Stats
Reddit
Sign in to upload your games and track your stats! →
Sign in with Steam
Match 45617110
Unlisted
Match 45617110
Overview
Messages
Build Orders
End
Royal Engineer Section
Construct Section Command Post
Infantry Section
Infantry Section
Construct Platoon Command Post
Infantry Section
Selects Canadian Shock Battlegroup
Selects Offensive Resupply
Humber Armored Car
Grenade Package
Light Vehicle Training
Infantry Training
Unlock Bishop Self-propelled Artillery
6-pounder Anti-tank Gun Team
Selects Incendiary Munitions
Selects Pyrotechnics
Selects Canadian Shock Section
Bishop Self-propelled Artillery
nub
FutureNP
T.R. Olvadi
Makros
0
0
Comments
sign in to comment!
No comments posted yet!